 Dungeon Sprint DCSS version 0.31-a0-716-gc7603755dd (webtiles) character file.

Game seed: 4086280013057263292

1314 rocky1 the Carver (level 8, -7/67 HPs)
             Began as a Djinni Gladiator on Sept 11, 2023.
             Was an Initiate of Gozag.
             Mangled by a two-headed ogre
             ... wielding a +0 giant club
              (28 damage)
             ... in the Dungeon (Sprint III: "The Ten Rune Challenge").
             The game lasted 00:04:03 (1233 turns).

rocky1 the Carver (Djinni Gladiator)                Turns: 1233, Time: 00:04:04

Health: -7/67      AC:  8    Str: 13    XL:     8   Next: 89%
Gold:   272        EV: 13    Int: 11    God:    Gozag SH:  0 Dex: 16

rFire   + + .        i - +1 long sword (holy)
rCold   x . .        (no shield)
rNeg    . . .        g - +0 scale mail
rPois   ∞            c - +0 helmet
rElec   .            d - +0 cloak
rCorr   .            (no gloves)
SInv    .            (boots unavailable)
Will    .....        (no amulet) Stlth
                     (no ring)
HPRegen 0.31/turn    (no ring)
MPRegen 0.00/turn

%: no teleportation, infuse magic (-8 HP)
@: gold aura, flying, hasted, very quick
A: sickness immunity, fire resistance 2, cold vulnerability 1, float, innate
caster, HP casting, extra vitality 1
a: Renounce Religion, Potion Petition, Call Merchant, Bribe Branch


You were in the Dungeon.
You worshipped Gozag.
Gozag was aware of your devotion.
You visited 1 branch You collected 512 gold pieces.
You paid 240 gold pieces to Gozag.

Inventory:

Hand Weapons
 a - a +0 long sword
 i - a +1 long sword of holy wrath (weapon)
Missiles
 e - a javelin
 l - a throwing net
Armour
 b - a +0 leather armour
 c - a +0 helmet (worn)
 d - a +0 cloak (worn)
 g - a +0 scale mail (worn)
Scrolls
 j - a scroll of blinking
 m - a scroll of poison {unknown}
 n - 3 scrolls of identify
 q - a scroll of immolation {unknown}
Potions
 k - 4 potions of mutation {unknown}
 o - a potion of resistance {unknown}
 p - 3 potions of enlightenment
 r - a potion of cancellation {unknown}
Miscellaneous
 h - a phantom mirror


   Skills:
 + Level 9.5 Fighting
 * Level 12.3 Long Blades
 - Level 1.5 Throwing
 + Level 1.0 Armour
 + Level 10.7 Dodging


You knew the following spells:

 Your Spells              Type           Power      Damage    Failure   Level
a - Necrotise             Necr           0%         1d4       86%         1
b - Passwall              Tmut/Erth      0%         N/A       95%         2
c - Ozocubu's Armour      Ice            0%         N/A       99%         3
Your spell library was empty.

Dungeon Overview and Level Annotations

Branches:
Dungeon (1/1)

Altars:
Cheibriados
Dithmenos
Elyvilon
Fedhas
Gozag
Hepliaklqana
Makhleb
Nemelex Xobeh
Okawaru
Qazlal
Ru
Trog
Uskayaw
Wu Jian
Xom
Yredelemnul
Zin
The Shining One
Jiyva
Lugonu


Innate Abilities, Weirdness & Mutations

You are immune to sickness and miasma.
You are immune to poison.
Your flesh is very heat resistant. (rF++)
You are vulnerable to cold. (rC-)
You float through the air rather than walking.
You learn spells naturally, not from books.
Your magical power is your life essence.
You have superior vitality. (+4 MHP)


Message History

[a] - 522 gold - haste, heal wounds and curing [b] - 330 gold - resistance and enlightenment [c] - 240 gold - haste Purchase which effect?
You no longer have enough gold to petition Gozag for potion effects.
You feel yourself speed up.
Unknown command.
You hit the two-headed ogre.
The two-headed ogre is severely wounded.
The two-headed ogre misses you. x2
You hit the two-headed ogre.
The two-headed ogre is severely wounded.
You barely miss the two-headed ogre.
The two-headed ogre is severely wounded.
You slash the two-headed ogre!
The two-headed ogre is almost dead.
The two-headed ogre barely misses you. The two-headed ogre closely misses you.
You slash the two-headed ogre!
You kill the two-headed ogre!
Your Armour skill increases to level 1!
Unknown command.
You completely miss the two-headed ogre.
You slash the two-headed ogre!
The two-headed ogre is lightly wounded.
The two-headed ogre misses you.
The two-headed ogre hits you with a +0 giant club!
* * * LOW HITPOINT WARNING * * *
You slash the two-headed ogre!
The two-headed ogre is moderately wounded.
You feel better.
The two-headed ogre hits you with a +0 giant club!
* * * LOW HITPOINT WARNING * * *
The two-headed ogre barely misses you.
You feel better.
You hit the two-headed ogre.
The two-headed ogre is heavily wounded.
The two-headed ogre barely misses you.
The two-headed ogre hits you with a +0 giant club!!
You die...
Your body crumbles into a pile of gold.

.#..###'#'###)##
'#..#..........#
#...'.⌠........#
#...#...######'#
....#)⌠.#__#...# #
....#...#__#...# #.#
)...#)###__#...## ..
....#.::#__#...'##.#
....#___#__'...#@OO#
▓▓▓▓▓▓▓▓▓▓▓▓▓▓▓▓▓▓▓▓


You could see 2 two-headed ogres.

Vanquished Creatures
  A deep elf pyromancer (D)
  A shadow (D)
  A spatial vortex (D)
  A two-headed ogre (D)
  A water elemental (D)
  A necrophage (D)
  A jelly (D)
  Crazy Yiuf (D)
  A wizard (D)
  A necromancer (D)
  A kobold demonologist (D)
  3 humans (D)
  2 endoplasms (D)
  2 rats (D)
18 creatures vanquished.

Notes
Turn   | Place    | Note
-------+----------+-------------------------------------------
     0 | D        | rocky1 the Djinni Gladiator began the quest for the Orb.
     0 | D        | Reached XP level 1. HP: 18/18 MP: 0/0
    10 | D        | Reached skill level 3 in Long Blades
   116 | D        | Reached skill level 4 in Long Blades
   116 | D        | Reached XP level 2. HP: 23/25 MP: 0/0
   116 | D        | Reached XP level 3. HP: 28/30 MP: 0/0
   116 | D        | Learned a level 1 spell: Necrotise
   128 | D        | Noticed Crazy Yiuf
   143 | D        | Killed Crazy Yiuf
   144 | D        | Reached skill level 5 in Long Blades
   144 | D        | Reached skill level 5 in Dodging
   144 | D        | Reached XP level 4. HP: 12/37 MP: 0/0
   241 | D        | Noticed a water elemental
   245 | D        | Killed a water elemental
   246 | D        | Reached skill level 6 in Long Blades
   246 | D        | Reached XP level 5. HP: 42/42 MP: 0/0
   246 | D        | Learned a level 2 spell: Passwall
   311 | D        | Reached skill level 5 in Fighting
   311 | D        | Reached skill level 7 in Long Blades
   532 | D        | Noticed a shadow
   540 | D        | Killed a shadow
   541 | D        | Reached skill level 8 in Long Blades
   541 | D        | Reached XP level 6. HP: 41/51 MP: 0/0
   548 | D        | Found a blossoming altar of Fedhas.
   548 | D        | Found a stormy altar of Qazlal.
   548 | D        | Found a snail-covered altar of Cheibriados.
   548 | D        | Found a burning altar of Makhleb.
   548 | D        | Found a shimmering altar of Xom.
   548 | D        | Noticed a spatial vortex
   549 | D        | Found a hazy altar of Hepliaklqana.
   549 | D        | Found an opulent altar of Gozag.
   549 | D        | Found a sparkling altar of Nemelex Xobeh.
   549 | D        | Found a corrupted altar of Lugonu.
   549 | D        | Found a viscous altar of Jiyva.
   553 | D        | Became a worshipper of Gozag Ym Sagoz the Greedy
   566 | D        | Killed a spatial vortex
   567 | D        | Reached skill level 9 in Long Blades
   567 | D        | Reached XP level 7. HP: 52/58 MP: 0/0
   567 | D        | Learned a level 3 spell: Ozocubu's Armour
   586 | D        | Found a basalt altar of Yredelemnul.
   586 | D        | Found a shadowy altar of Dithmenos.
   586 | D        | Found a sacrificial altar of Ru.
   598 | D        | Reached skill level 10 in Long Blades
   711 | D        | Noticed a chaos spawn
   712 | D        | Noticed a sixfirhy
   901 | D        | Found a glowing silver altar of Zin.
   901 | D        | Found a glowing golden altar of the Shining One.
   901 | D        | Found a white marble altar of Elyvilon.
   902 | D        | Noticed a deep elf pyromancer
   914 | D        | Killed a deep elf pyromancer
   915 | D        | Reached skill level 11 in Long Blades
   915 | D        | Reached skill level 10 in Dodging
   915 | D        | Reached XP level 8. HP: 55/67 MP: 0/0
   969 | D        | Found a hide-covered altar of Uskayaw.
   969 | D        | Found an iron altar of Okawaru.
   969 | D        | Found a bloodstained altar of Trog.
   969 | D        | Found an ornate altar of the Wu Jian Council.
   969 | D        | Noticed a human
   969 | D        | Noticed a human
   983 | D        | Killed a human
  1002 | D        | Killed a human
  1003 | D        | Reached skill level 12 in Long Blades
  1227 | D        | Reached skill level 1 in Armour
  1233 | D        | Mangled by a two-headed ogre

Illustrated notes

Levels and vault maps discovered:
D:        dungeon_sprint_mu [sprint_mu_entry_cave, sprint_mu_temple_rooms,
          sprint_mu_d1_spiders, sprint_mu_d2_genie, sprint_mu_d3_branching,
          sprint_mu_orc_legion, sprint_mu_elf_gauntlet, sprint_mu_hive_nellie,
          sprint_mu_lair_fedhas, sprint_mu_vaults_butterflies,
          sprint_mu_slime_circle, sprint_mu_swamp_cave, sprint_mu_shoals_archi,
          sprint_mu_blade_basic, sprint_mu_crypt_fortress,
          sprint_mu_tomb_spiral, sprint_mu_vestibule_basic,
          sprint_mu_gehenna_hellfire, sprint_mu_dis_giant,
          sprint_mu_tartarus_statrot, sprint_mu_cocytus_islands, sprint_mu_zot1]

Skill      XL: |  1  2  3  4  5  6  7  8 |
---------------+-------------------------+-----
Long Blades    | 4 5 6 8 9 11 12 | 12.3
Fighting       | 3 4 6 7 9 |  9.5
Dodging        | 4 5 6 7 8 10 | 10.7
Armour         | 1 |  1.0
Throwing       | |  1.5

Action                     |  1- 3 |  4- 6 |  7- 9 || total
---------------------------+-------+-------+-------++-------
  Melee: Long sword        |    29 |    27 |    73 ||   129
         Punch             |       |       |     2 ||     2
  Throw: Throwing net      |     5 |       |       ||     5
 Invoke: Potion Petition   |       |       |     1 ||     1
    Use: Potion            |       |     2 |     3 ||     5
   Stab: Sleeping          |     1 |       |       ||     1
 Armour: Leather armour    |    10 |     5 |    19 ||    34
         Scale mail        |       |       |     6 ||     6
  Dodge: Dodged            |    11 |     9 |    46 ||    66

Table legend: (Time is in decaauts)
 A = Elapsed time spent in this place.
 B = Non-inter-level travel time spent in this place.
 C = Inter-level travel time spent in this place.
 D = Time resting spent in this place.
 E = Time spent auto-exploring this place.
 F = Levels seen in this place.
 G = Mean time per level.
                   A        B        C        D        E       F      G
               +--------+--------+--------+--------+--------+-----+--------+
         Total |   1220 |   1216 |      4 |    764 |     59 |   1 | 1220.0 |
       Dungeon |   1220 |   1216 |      4 |    764 |     59 |   1 | 1220.0 |
               +--------+--------+--------+--------+--------+-----+--------+

Top non-repeatable levels by time:
       D: 1220 daAuts
